Map: Terrazze Prion

Players

ZZZ - Winner!

  • Race: Protoss Protoss
  • League: Gold

Jhyrachy

  • Race: Zerg Zerg
  • League: Gold

VOD

Have the link to the VOD?

Description

Time

  • Played on: April 26, 2016, 6:22 p.m.
  • Length: 6:33
Show
View Real Time Build Order
Export as new Build Order

ZZZ Protoss - Winner!

Build Orders:  

Get SALT Encoding   

  12  0:03  Probe (Chrono Boost)  
  13  0:13  Probe (Chrono Boost)  
  14  0:19  Pylon  
  14  0:25  Probe (Chrono Boost)  
  15  0:37  Probe (Chrono Boost)  
  15  0:41  Gateway  
  16  0:44  Assimilator  
  16  0:48  Probe (Chrono Boost)  
  17  0:58  Probe (Chrono Boost), Pylon  
  18  1:09  Probe (Chrono Boost)  
  19  1:17  Assimilator  
  19  1:19  Probe (Chrono Boost)  
  20  1:30  Probe (Chrono Boost)  
  20  1:32  Cybernetics Core  
  21  1:40  Probe (Chrono Boost)  
  22  1:54  Zealot (Chrono Boost)  
  22  1:56  Pylon  
  24  2:08  Warp Gate (Chrono Boost)  
  24  2:10  Mothership Core  
  26  2:30  Nexus  
  26  2:32  Probe  
  27  2:42  Pylon  
  27  2:44  Probe  
  28  2:56  Probe  
  29  3:08  Probe  
  29  3:11  Gateway  
  30  3:15  Gateway  
  30  3:21  Pylon  
  30  3:32  Probe  
  31  3:40  Stalker  
  33  3:44  Probe  
  34  3:49  Probe  
  34  3:50  Robotics Facility  
  35  3:56  Probe  
  35  4:00  Probe  
  37  4:06  Pylon  
  37  4:10  Pylon  
  37  4:13  Gateway  
  37  4:19  Gateway  
  37  4:21  Gateway  
  37  4:25  Probe  
  38  4:33  Probe  
  38  4:36  Gateway  
  39  4:48  Warp Prism  
  39  4:52  Zealot x2  
  45  5:14  Pylon  
  45  5:22  Probe  
  46  5:29  Probe  
  46  5:30  Observer  
  48  5:41  Stalker x2  
  48  5:42  Stalker x5  
  58  5:48  Probe  
  63  5:56  Twilight Council  
  63  6:21  Stalker x3  
  63  6:22  Stalker x4  
Show
View Real Time Build Order
Export as new Build Order

Jhyrachy Zerg 

Build Orders: Pool First 

Get SALT Encoding   

  12  0:01  Drone  
  13  0:10  Drone  
  14  0:20  Overlord  
  14  0:39  Drone  
  14  0:40  Drone x2  
  17  0:57  Drone  
  17  1:00  Extractor  
  17  1:02  Drone  
  18  1:17  Spawning Pool  
  17  1:27  Drone  
  17  1:30  Drone  
  19  1:45  Drone  
  19  1:46  Drone  
  21  1:51  Hatchery  
  20  2:01  Overlord  
  20  2:04  Queen  
  20  2:06  Metabolic Boost  
  22  2:20  Zergling x4  
  24  2:50  Hatchery  
  23  3:10  Queen  
  25  3:13  Queen  
  25  3:15  Drone x2  
  25  3:16  Drone x6  
  35  3:38  Overlord x2  
  35  3:46  Pneumatized Carapace  
  35  4:02  Lair  
  33  4:35  Roach Warren  
  32  4:38  Extractor  
  32  4:42  Evolution Chamber  
  32  4:43  Evolution Chamber  
  29  4:49  Drone  
  29  4:50  Drone x13  
  43  5:10  Extractor  
  42  5:14  Extractor  
  41  5:25  Hydralisk Den  
  41  5:27  Drone x4  
  41  5:28  Drone  
  45  5:29  Roach  
  45  5:30  Roach  
  45  5:34  Overlord x2  
  45  5:35  Overlord x2  
  49  5:39  Overseer  
  49  5:52  Queen  
  51  6:07  Drone x3  
  54  6:17  Drone x4  
  54  6:18  Drone  
Tags
 
Add a new tag
Caveats
  • Supply blocks, unpowered buildings, or Contaminate may cause inaccurate times.
  • Supply counts are checked every 10 seconds.